 Dungeon Crawl Stone Soup version 0.26-a0-540-g8a0c9464d7 (webtiles) character file.

Game seed: 5313682869734923346

1939 HammerPanzer the Basher (level 8, -10/67 HPs)
             Began as a Demonspawn Berserker on Aug 20, 2020.
             Was an Elder of Trog.
             Mangled by an orc warrior
             ... wielding a +0 hand axe of electrocution
              (14 damage)
             ... on level 7 of the Dungeon.
             The game lasted 00:12:39 (5644 turns).

HammerPanzer the Basher (Demonspawn Berserker)      Turns: 5644, Time: 00:12:40

Health: -10/67     AC: 12    Str: 19    XL:     8   Next: 97%
Magic:  0/8        EV: 11    Int: 10    God:    Trog [****..]
Gold:   345        SH:  0    Dex: 12    Spells: 7/7 levels left

rFire    . . .     SeeInvis .   r - +1 dire flail (venom)
rCold    . . .     Faith    +   (shield currently unavailable)
rNeg     . . .     Spirit   +   i - +4 ring mail
rPois    .         Reflect  .   (no helmet)
rElec    .         Harm     .   (no cloak)
rCorr    .                      q - +0 pair of gloves
MR       .....                  (no boots)
Stlth    +.........             l - amulet of faith
HPRegen  0.21/turn              (no ring)
MPRegen  0.22/turn              (no ring)

@: no status effects
A: talons 2, molten scales 1, magic shield, magic regeneration
a: Berserk, Trog's Hand, Brothers in Arms, Renounce Religion


You were on level 7 of the Dungeon.
You worshipped Trog.
Trog was greatly pleased with you.
You visited 1 branch of the dungeon, and saw 7 of its levels.

You collected 345 gold pieces.

Inventory:

Hand Weapons
 k - a +0 morningstar
 r - a +1 dire flail of venom (weapon)
Missiles
 a - 24 poisoned darts (quivered)
Armour
 i - a +4 ring mail (worn)
 q - a +0 pair of gloves (worn)
Jewellery
 l - an amulet of faith (around neck)
Scrolls
 b - 5 scrolls of teleportation
 g - a scroll of summoning {unknown}
 h - 3 scrolls of remove curse
 p - 2 scrolls of fear
 t - a scroll of blinking {unknown}
 u - a scroll of enchant weapon {unknown}
Potions
 c - 2 potions of haste
 d - a potion of lignification {unknown}
 e - 3 potions of flight
 f - a potion of might {unknown}
 j - 3 potions of berserk rage
 m - a potion of magic {unknown}
 n - a potion of invisibility {unknown}
 o - 2 potions of curing {unknown}
 s - a potion of cancellation {unknown}


   Skills:
 + Level 7.3 Fighting
 * Level 9.2 Maces & Flails
 - Level 1.7 Armour
 - Level 1.7 Dodging


You had 7 spell levels left.
You didn't know any spells.
Your spell library was empty.

Dungeon Overview and Level Annotations

Branches:
Dungeon (7/15)             Temple (0/1) D:5

Altars:
Ashenzari
Gozag
Kikubaaqudgha


Innate Abilities, Weirdness & Mutations

You have razor-sharp toenails.
You are partially covered in molten scales. (AC +2)
When hurt, damage is shared between your health and your magic reserves.
You regenerate magic rapidly.


Message History

The orc warrior zaps a wand.
The bolt of acid misses you.
The orc warrior zaps a wand.
The bolt of acid hits you!!
You are splashed with acid!
You start resting.
An orc warrior is nearby!
The orc warrior hits you but does no damage.
You are electrocuted!
You hit the orc warrior.
The orc warrior is poisoned.
The orc warrior is lightly wounded.
The orc warrior hits you with a +0 hand axe of electrocution!
* * * LOW HITPOINT WARNING * * *
You are electrocuted!
* * * LOW HITPOINT WARNING * * *
You hit the orc warrior but do no damage.
The orc warrior looks as sick as possible!
The orc warrior is lightly wounded.
The orc warrior hits you with a +0 hand axe of electrocution.
* * * LOW HITPOINT WARNING * * *
You are electrocuted!
You die...

.. .# ..! .# #...
..# ..... ..#
##.....
#####..###
.......
..........
######...#
##...#.##
#.o))..# ##..##
##@####...# ....#
# ####..# #..#
..###
#..###....## ..#
.## #........# .#
.# #..###...# .#
#########.......#
#
#.........##†...#
..####### #....#
### ##....#


You could see an orc warrior (extremely poisoned).

Vanquished Creatures
  The ghost of p0werm0de the Chopper, a novice DDFi (D:6)
  Menkaure (D:7)
  Edmund (D:4)
  An orc warrior (D:6)
  2 phantoms
  3 ogres
  2 sky beasts
  Blork the orc (D:5)
  A scorpion (D:5)
  A jelly (D:5)
  A hound (D:6)
  3 orc priests (D:6)
  An iguana (D:6)
  3 orc wizards
  4 worker ants
  The ghost of Lanoc the Sneak, a weakling MiDe (D:4)
  5 gnolls
  8 adders
  A shadow imp (D:5)
  2 ufetubi (D:6)
  An ooze (D:4)
  A dart slug (D:1)
  4 leopard geckos
  15 orcs
  3 bats (D:2)
  3 giant cockroaches
  6 goblins
  4 hobgoblins
  10 jackals
  3 quokkas
  2 ball pythons
  5 frilled lizards
  4 kobolds
  7 rats
111 creatures vanquished.

Notes
Turn   | Place    | Note
-------+----------+-------------------------------------------
     0 | D:1      | HammerPanzer the Demonspawn Berserker began the quest for
                  | the Orb.
     0 | D:1      | Reached XP level 1. HP: 18/18 MP: 1/1
   135 | D:1      | Reached skill level 3 in Maces & Flails
   144 | D:1      | Gained mutation: When hurt, damage is shared between your
                  | health and your magic reserves. [demonic ancestry]
   144 | D:1      | Reached XP level 2. HP: 10/24 MP: 2/2
   964 | D:2      | Reached ** piety under Trog
  1084 | D:2      | Gained mutation: You have sharp toenails. [demonic
                  | ancestry]
  1084 | D:2      | Reached XP level 3. HP: 27/29 MP: 3/3
  1646 | D:3      | Reached skill level 4 in Maces & Flails
  1646 | D:3      | Gained mutation: You are partially covered in molten
                  | scales. (AC +2) [demonic ancestry]
  1646 | D:3      | Reached XP level 4. HP: 32/37 MP: 2/4
  2329 | D:4      | Found a shattered altar of Ashenzari.
  2396 | D:4      | Found a runed translucent door.
  2397 | D:4      | Noticed Lanoc's ghost (weakling MiDe)
  2414 | D:4      | Gained mutation: You have razor-sharp toenails. [demonic
                  | ancestry]
  2414 | D:4      | Reached XP level 5. HP: 42/42 MP: 3/5
  2421 | D:4      | Killed Lanoc's ghost
  2836 | D:4      | Noticed an ogre
  2843 | D:4      | Killed an ogre
  2843 | D:4      | Reached skill level 5 in Maces & Flails
  3045 | D:4      | Noticed Edmund
  3049 | D:4      | Reached XP level 6. HP: 49/49 MP: 6/6
  3053 | D:4      | Killed Edmund
  3244 | D:5      | Entered Level 5 of the Dungeon
  3378 | D:5      | Found a staircase to the Ecumenical Temple.
  3459 | D:5      | Reached skill level 5 in Fighting
  3461 | D:5      | Reached skill level 6 in Maces & Flails
  3471 | D:5      | Found an opulent altar of Gozag.
  3477 | D:5      | Noticed Blork the orc
  3485 | D:5      | Killed Blork the orc
  3485 | D:5      | Reached XP level 7. HP: 56/56 MP: 7/7
  3605 | D:5      | Reached *** piety under Trog
  4046 | D:5      | Found an ancient bone altar of Kikubaaqudgha.
  4220 | D:6      | Reached skill level 7 in Maces & Flails
  4438 | D:6      | Found a runed translucent door.
  4438 | D:6      | Noticed p0werm0de's ghost (novice DDFi)
  4481 | D:6      | Gained mutation: You regenerate magic rapidly. [demonic
                  | ancestry]
  4481 | D:6      | Reached XP level 8. HP: 42/64 MP: 5/8
  4639 | D:6      | Killed p0werm0de's ghost
  4639 | D:6      | Reached skill level 8 in Maces & Flails
  5019 | D:6      | Reached **** piety under Trog
  5277 | D:7      | Noticed Menkaure
  5283 | D:7      | Killed Menkaure
  5283 | D:7      | Reached skill level 9 in Maces & Flails
  5644 | D:7      | Mangled by an orc warrior

Illustrated notes

Levels and vault maps discovered:
D:1:      dpeg_arrival_houses_and_road, layout_loops_ring
D:2:      minmay_general_purpose_star, layout_rooms, st_stairs_12
D:3:      layout_loops_ring, due_unseen_surprise
D:4:      layout_basic, ebering_ghost_sewer_d, grunt_decor_cap,
          evilmike_ruin_ashenzari, uniq_edmund
D:5:      layout_basic, nicolae_gozag_cash_rules_everything_around_me,
          minmay_temple_entry_sparse_star, basic_altar, uniq_blork_the_orc
D:6:      layout_loops_ring, gammafunk_ghost_grave
D:7:      layout_rooms, grunt_decor_fettered, uniq_menkaure

Skill      XL: |  1  2  3  4  5  6  7  8 |
---------------+-------------------------+-----
Maces & Flails | 3 4 5 6 7 9 |  9.2
Fighting       | 4 5 6 7 |  7.3
Armour         | |  1.7
Dodging        | |  1.7

Action                   |  1- 3 |  4- 6 |  7- 9 || total
-------------------------+-------+-------+-------++-------
Melee: Mace              |    86 |       |       ||    86
       Morningstar       |    23 |    62 |       ||    85
       Kick              |     6 |    19 |    28 ||    53
       Dire flail        |       |    21 |   152 ||   173
Throw: Dart              |       |       |     3 ||     3
Invok: Berserk           |     1 |     5 |     2 ||     8
  Use: Scroll            |     6 |     5 |     2 ||    13
Armor: Animal skin       |     8 |       |       ||     8
       Plate armour      |    53 |    50 |       ||   103
       Ring mail         |       |    10 |    44 ||    54
Dodge: Dodged            |    50 |    23 |    61 ||   134

Table legend: (Time is in decaauts)
 A = Elapsed time spent in this place.
 B = Non-inter-level travel time spent in this place.
 C = Inter-level travel time spent in this place.
 D = Time resting spent in this place.
 E = Time spent auto-exploring this place.
 F = Levels seen in this place.
 G = Mean time per level.
                   A        B        C        D        E       F      G
               +--------+--------+--------+--------+--------+-----+--------+
         Total |   5744 |   5545 |    199 |   1456 |   3049 |   7 |  820.6 |
       Dungeon |   5744 |   5545 |    199 |   1456 |   3049 |   7 |  820.6 |
               +--------+--------+--------+--------+--------+-----+--------+

Top non-repeatable levels by time:
     D:6: 1073 daAuts
     D:4: 1062 daAuts
     D:5: 968 daAuts
     D:1: 955 daAuts
     D:2: 660 daAuts
     D:3: 650 daAuts
     D:7: 374 daAuts
